 Dungeon Crawl Stone Soup version 0.29-a0-344-ge2f44be95a (webtiles) character file.

Game seed: 3970667646314007945

1629 Flugkiller the Skirmisher (level 8, -2/58 HPs)
             Began as a Palentonga Chaos Knight on Apr 22, 2022.
             Was a Plaything of Xom.
             Killed from afar by an electric eel (9 damage)
             ... with a bolt of electricity
             ... on level 6 of the Dungeon.
             The game lasted 00:04:23 (4963 turns).

Flugkiller the Skirmisher (Palentonga Chaos Knight) Turns: 4963, Time: 00:04:24

Health: -2/58      AC: 17    Str: 23    XL:     8   Next: 65%
Magic:  8/8        EV:  9    Int:  8    God:    Xom [.*....]
Gold:   291        SH:  0    Dex: 11    Spells: 7/7 levels left

rFire   . . .      SeeInvis +   o - +2 whip (distort)
rCold   . . .      Faith    .   (no shield)
rNeg    . . .      Spirit   .   b - +2 leather armour
rPois   .          Reflect  .   k - +1 helmet
rElec   .          Harm     .   f - +0 cloak
rCorr   .          Rampage  .   (no gloves)
Will    +....      Clarity  +   (no barding)
Stlth   +++.......              (no amulet)
HPRegen 0.19/turn               v - +6 ring of strength
MPRegen 0.11/turn               (no ring)

@: especially stealthy, curled up
A: large, rugged brown scales 3, see invisible, deformed body, roll 1, armoured
tail, reflexive curl, fangs 1, hooves 1, stinger 1, clarity, dopey 2, frail 2,
strong-willed 1, sense surroundings 1
a: Rolling Charge, Renounce Religion


You were on level 6 of the Dungeon.
You worshipped Xom.
You were a plaything of Xom.
You visited 1 branch of the dungeon, and saw 6 of its levels.

You collected 291 gold pieces.

Inventory:

Hand Weapons
 a - a +0 hand axe of chaos
 o - a +2 whip of distortion (weapon)
   (You found it on level 2 of the Dungeon)
Missiles
 y - 2 throwing nets
Armour
 b - a +2 leather armour (worn)
 f - a +0 cloak (worn)
   (You took it off Crazy Yiuf on level 3 of the Dungeon)
 i - a +0 kite shield
   (You found it on level 5 of the Dungeon)
 k - a +1 helmet (worn)
   (You found it on level 2 of the Dungeon)
Jewellery
 v - a +6 ring of strength (left hand)
   (You found it on level 4 of the Dungeon)
 z - a ring of ice
   (You found it on level 5 of the Dungeon)
Scrolls
 g - 2 scrolls of fog {unknown}
 j - a scroll of amnesia {unknown}
 p - a scroll of blinking {unknown}
 s - 2 scrolls of vulnerability
 t - 2 scrolls of teleportation
 u - a scroll of immolation
 A - a scroll of fear {unknown}
Potions
 d - a potion of might
 e - a potion of mutation {unknown}
 h - 2 potions of haste
 l - 4 potions of attraction
 m - a potion of cancellation
 n - 2 potions of resistance
 q - a potion of curing
 r - a potion of ambrosia {unknown}
 w - a potion of heal wounds
Miscellaneous
 c - a piece from Xom's chessboard (15/15) (quivered)


   Skills:
 + Level 7.2 Fighting
 - Level 3.0(4.8) Axes
 + Level 5.8(6.2) Maces & Flails
 + Level 5.6 Armour
 - Level 0.7 Dodging


You had 7 spell levels left.
You didn't know any spells.
Your spell library contained the following spells:

 Spells                   Type           Power      Damage    Failure   Level
 Fulminant Prism          Conj/Hex       0%         3d6       99%         4
 Leda's Liquefaction      Hex/Erth       0%         N/A       99%         4
 Yara's Violent Unravell  Hex/Tmut       0%         3d3       100%        5


Dungeon Overview and Level Annotations

Branches:
Dungeon (6/15)
 Temple: D:4-7

Altars:
Cheibriados
Dithmenos
Ru
Vehumet
Xom


Innate Abilities, Weirdness & Mutations

You are completely covered in rugged brown scales. (AC +3, +7% HP)
You have supernaturally acute eyesight. (SInv)
Armour fits poorly on your strangely shaped body.
You can roll at nearby foes to attack.
You have a long armoured tail.
You curl defensively after being hit. (AC +7*)
You have very sharp teeth.
You have large cloven feet.
Your tail ends in a venomous barb.
You possess an exceptional clarity of mind.
You are very dopey. (Int -4)
You are very frail. (-20% HP)
You are strong-willed. (Will+)
You passively map a small area around you.


Message History

Space warps horribly around the black bear!
You kick the black bear. You tail-slap the black bear.
You kill the black bear!
Your Fighting skill increases to level 7!
You see here a black bear corpse.
No target in view!
You see here a black bear corpse.
A killer bee is nearby!
A killer bee is nearby!
The killer bee buzzes angrily.
The killer bee stings you.
You hit the killer bee.
Space warps around the killer bee.
Your kick misses the killer bee.
The killer bee is moderately wounded.
The killer bee barely misses you. The killer bee closely misses you.
You hit the killer bee.
Space warps around the killer bee.
Your tail-slap misses the killer bee.
The killer bee is almost dead.
The killer bee misses you.
The killer bee stings you but does no damage.
You closely miss the killer bee. Your kick misses the killer bee.
You bite the killer bee.
The killer bee is almost dead.
The killer bee stings you but does no damage.
You miss the killer bee. Your kick misses the killer bee.
The killer bee is almost dead.
The killer bee barely misses you.
The killer bee stings you but does no damage.
You miss the killer bee.
The killer bee is almost dead.
The killer bee barely misses you.
You hit the killer bee.
You kill the killer bee!
No target in view!
Done exploring.
Done exploring.
Done exploring.
(D) Dungeon
Where to? (Enter - D:5, ? - help)
There is a stone staircase leading down here.
You climb downwards.
Xom shushes you conspicuously.
You feel stealthy.
Found a potion of heal wounds and a grey potion.
Found a stone staircase leading up.
There is a stone staircase leading up here.
Unknown command.
There are monsters nearby!
There are monsters nearby!
The helpless orc fails to defend itself.
You hit the orc.
Your tail-slap misses the orc.
The orc is lightly wounded.
The orc blinks!
The orc shouts! x3; You hear a bark!
The orc closely misses you.
A hound comes into view.
You hit the orc.
Space warps around the orc.
You kill the orc!
The orc hits you but does no damage.
The orc hits you from afar with a +0 trident.
You barely miss the orc.
Your tail-slap misses the orc.
The orc hits you but does no damage. The orc hits you with a +0 mace.
You barely miss the orc. The orc barely misses you.
The orc hits you with a +0 mace. The orc hits you but does no damage.
You hit the orc. You kick the orc.
Your tail-slap misses the orc.
The orc is moderately wounded.
The orc blinks!
The orc splashes around in the water.
The orc barely misses you.
You barely miss the orc.
The orc hits you from afar with a +0 trident.
You whack the orc!
You kill the orc!
The orc closely misses you.
You whack the orc!
You kill the orc!
An electric eel comes into view.
The orc closely misses you.
Things that are here:
a +0 hand axe; an orc corpse You hit the orc.
Space warps around the orc.
You kill the orc!
You hear a splash.
You whack the hound!
The hound is devoured by a tear in reality.
The electric eel shoots out a bolt of lightning at you!
The bolt of electricity hits the plant!
The plant begins to die.
The bolt of electricity hits the plant!
The plant begins to die.
The bolt of electricity hits you!
The electric eel shoots out a bolt of lightning at you!
The bolt of electricity hits you!
You see here a +0 mace.
The electric eel shoots out a bolt of lightning at you!
The bolt of electricity hits you!
There is a stone staircase leading up here.
A nearby plant withers and dies.
The electric eel shoots out a bolt of lightning at you!
The bolt of electricity hits you!
* * * LOW HITPOINT WARNING * * *
The bolt of electricity hits you!
You die...

, ,...* , * ....
* * ... , * ,
##.. ** , * , *
*..###* , ,
######*....#* ##
, ,,
#.....##...##...
.......@........
≈≈
≈≈...............
≈
..≈...§)).......
,
≈≈P.≈.)§..!.....
≈
≈≈P≈≈P§≈§.!≈≈≈.≈
≈≈≈≈≈≈≈≈≈≈.PS≈≈≈≈
≈
≈≈≈≈≈≈≈≈≈≈≈≈≈≈≈≈
,
≈≈≈≈≈≈≈≈≈≈≈≈P≈≈≈
,
P≈.≈≈≈P..P≈..≈≈≈
≈


You could see an electric eel.

Vanquished Creatures
  A water moccasin (D:5)
  An ice beast (D:4)
  2 black bears (D:5)
  An ogre (D:4)
  A phantom (D:3)
  A bullfrog (D:4)
  A necrophage (D:5)
  A scorpion (D:5)
  6 killer bees (D:5)
  2 howler monkeys (D:5)
  An orc priest (D:4)
  3 hounds (D:5)
  A jelly (D:5)
  Crazy Yiuf (D:3)
  2 iguanas
  An orc wizard (D:4)
  12 gnolls
  2 adders
  A white imp (D:5)
  A worm (D:3)
  5 dart slugs
  10 orcs
  3 endoplasms
  6 giant cockroaches
  5 goblins
  6 hobgoblins
  10 kobolds
  2 quokkas
  4 ball pythons
  2 frilled lizards
  3 rats
98 creatures vanquished.

Vanquished Creatures (others)
  17 plants
17 creatures vanquished.

Grand Total: 115 creatures vanquished

Notes
Turn   | Place    | Note
-------+----------+-------------------------------------------
     0 | D:1      | Flugkiller the Palentonga Chaos Knight began the quest for
                  | the Orb.
     0 | D:1      | Reached XP level 1. HP: 19/19 MP: 1/1
   145 | D:1      | Reached XP level 2. HP: 25/25 MP: 2/2
   441 | D:1      | XOM: divination: magic mapping
   531 | D:1      | Reached XP level 3. HP: 26/31 MP: 3/3
   961 | D:2      | Got Fikukili's Handbook of the Oath
  1578 | D:3      | Noticed a phantom
  1582 | D:3      | XOM: divination: magic mapping
  1608 | D:3      | Found a radiant altar of Vehumet.
  1620 | D:3      | Killed a phantom
  1621 | D:3      | Reached skill level 4 in Fighting
  1621 | D:3      | Reached skill level 1 in Maces & Flails
  1621 | D:3      | Reached XP level 4. HP: 24/39 MP: 4/4
  1751 | D:3      | Found a snail-covered altar of Cheibriados.
  2066 | D:3      | Reached XP level 5. HP: 46/46 MP: 5/5
  2268 | D:3      | Found a runed translucent door.
  2269 | D:3      | Noticed Crazy Yiuf
  2288 | D:3      | XOM: give mutations
  2288 | D:3      | Gained mutation: You are dopey. (Int -2) [Xom's mischief]
  2288 | D:3      | Gained mutation: You are very dopey. (Int -4) [Xom's
                  | mischief]
  2288 | D:3      | Gained mutation: You are frail. (-10% HP) [Xom's mischief]
  2288 | D:3      | Gained mutation: You are very frail. (-20% HP) [Xom's
                  | mischief]
  2326 | D:3      | Killed Crazy Yiuf
  2382 | D:4      | Noticed an ice beast
  2388 | D:4      | Killed an ice beast
  2389 | D:4      | Reached XP level 6. HP: 43/43 MP: 6/6
  2416 | D:4      | Reached skill level 5 in Fighting
  2545 | D:3      | XOM: silly message
  2548 | D:4      | XOM: summons 6 friendly demons
  2743 | D:4      | XOM: silly message
  2776 | D:4      | Gained mutation: You curl defensively after being hit. (AC
                  | +7*) [Palentonga growth]
  2776 | D:4      | Reached XP level 7. HP: 47/48 MP: 7/7
  2821 | D:4      | XOM: 3-stop teleportation journey
  2842 | D:4      | XOM: scenery: create altars
  2844 | D:4      | XOM: scenery: summon butterflies
  3012 | D:3      | XOM: summons 4 hostile demons
  3643 | D:4      | XOM: give mutations
  3643 | D:4      | Gained mutation: You possess an exceptional clarity of
                  | mind. [Xom's grace]
  3643 | D:4      | Gained mutation: Your tail ends in a venomous barb. [Xom's
                  | grace]
  3643 | D:4      | Gained mutation: You have large cloven feet. [Xom's grace]
  3678 | D:4      | XOM: give mutations
  3678 | D:4      | Gained mutation: You have very sharp teeth. [Xom's grace]
  3678 | D:4      | Gained mutation: You are strong-willed. (Will+) [Xom's
                  | grace]
  3678 | D:4      | Gained mutation: You passively map a small area around you.
                  | [Xom's grace]
  3726 | D:5      | Entered Level 5 of the Dungeon
  3902 | D:5      | Reached skill level 6 in Fighting
  3950 | D:5      | XOM: 1-stop teleportation journey
  3991 | D:5      | XOM: 1-stop teleportation journey
  4013 | D:5      | XOM: summons friendly crimson imp
  4021 | D:5      | Reached XP level 8. HP: 17/56 MP: 8/8
  4205 | D:5      | Reached skill level 5 in Maces & Flails
  4205 | D:5      | Reached skill level 5 in Armour
  4248 | D:5      | XOM: silly message
  4254 | D:5      | HP: 2/56 [poisoned by a killer bee]
  4272 | D:5      | HP: 2/56 [white imp/puff of frost (4)]
  4680 | D:5      | XOM: torment (29/56 hp)
  4711 | D:5      | Found a sacrificial altar of Ru.
  4825 | D:5      | Found a shadowy altar of Dithmenos.
  4881 | D:5      | Reached skill level 7 in Fighting
  4946 | D:6      | XOM: stealth player
  4963 | D:6      | Killed from afar by an electric eel

Illustrated notes

Levels and vault maps discovered:
D:1:      saegor_arrival_fortress, layout_basic
D:2:      layout_basic, serial_bayou, serial_bayou_pond_a, serial_bayou_pond_c,
          serial_bayou_pond_e, serial_bayou_pond_e
D:3:      kennysheep_big_flooded_room, layout_loops_ring,
          kennysheep_slug_shrine, vehumet_crystals, minmay_crystal_room,
          uniq_crazy_yiuf_cottage
D:4:      layout_rooms
D:5:      layout_cave_pools, nicolae_overflow_hidden_temple, serial_bayou_lake_a
D:6:      layout_gridville, amcnicky_altar_gilded, kennysheep_mini_moat,
          nicolae_wand_duel, chequers_big_river, uniq_pikel

Skill      XL: |  1  2  3  4  5  6  7  8 |
---------------+-------------------------+-----
Armour         | 2 3 4 5 |  5.6
Fighting       | 4 5 6 7 |  7.2
Maces & Flails | 1 2 3 4 5 |  5.8
Axes           | |  3.0
Dodging        | |  0.7

Action                   |  1- 3 |  4- 6 |  7- 9 || total
-------------------------+-------+-------+-------++-------
Melee: Hand axe          |    94 |       |       ||    94
       Tailslap          |    11 |    12 |    15 ||    38
       Punch             |     1 |     1 |     1 ||     3
       Whip              |    11 |    77 |   143 ||   231
       Kick              |       |       |    24 ||    24
       Bite              |       |       |     7 ||     7
 Abil: Rolling Charge    |       |     2 |     3 ||     5
  Use: Scroll            |       |       |    11 ||    11
       Potion            |       |       |     7 ||     7
 Stab: Petrified         |     5 |       |       ||     5
       Paralysed         |     1 |       |       ||     1
       Sleeping          |       |       |     2 ||     2
Armor: Leather armour    |    37 |    32 |    87 ||   156
Dodge: Dodged            |    51 |    26 |    93 ||   170

Table legend: (Time is in decaauts)
 A = Elapsed time spent in this place.
 B = Non-inter-level travel time spent in this place.
 C = Inter-level travel time spent in this place.
 D = Time resting spent in this place.
 E = Time spent auto-exploring this place.
 F = Levels seen in this place.
 G = Mean time per level.
                   A        B        C        D        E       F      G
               +--------+--------+--------+--------+--------+-----+--------+
         Total |   4978 |   4887 |     91 |   1749 |   2298 |   6 |  829.7 |
       Dungeon |   4978 |   4887 |     91 |   1749 |   2298 |   6 |  829.7 |
               +--------+--------+--------+--------+--------+-----+--------+

Top non-repeatable levels by time:
     D:3: 1518 daAuts
     D:5: 1061 daAuts
     D:1: 949 daAuts
     D:4: 812 daAuts
     D:2: 621 daAuts
     D:6: 14 daAuts
